Cogmind - Beta 13 @@@ ROGUE MODE // 2024.03.10 @ 22:43:02 Player: rCartos Result: Destroyed by G-34 Mercenary with Small Laser Performance ------------- Evolutions (1) 500 Regions Visited (5) 1000 Robots Destroyed (21) 105 Value Destroyed (605) 605 Prototype IDs (1) 20 Alien Tech Used (0) 0 Bonus (700) 700 TOTAL SCORE: 2930 Bonus ------- Entered Garrisons 200 Used RIF Installer 500 Cogmind --------- Core Integrity 0/400 Matter 390/400 Energy 100/100 System Corruption 1% Temperature Cool (4) Movement Flying (40) Location -9/Garrison Parts ------- > --- POWER (1) -------- (None) > --- PROPULSION (2) --- Flight Unit > --- UTILITY (4) ------ Medium Matter Pod > --- WEAPON (2) ------- (None) > --- INVENTORY (5) ---- F-cell Engine Peak State ------------ > --- POWER ------------ Improved Ion Engine > --- PROPULSION ------- Light Treads Light Treads > --- UTILITY ---------- Heat Sink Heat Sink > --- WEAPON ----------- Beam Rifle Heavy Assault Rifle > --- INVENTORY -------- Ion Engine Flight Unit Flight Unit Flight Unit Small Laser [Rating: 10] Favorites ----------- Power Ion Engine Engine Ion Engine Propulsion Light Treads Treads Light Treads Flight Unit Flight Unit Utility Heat Sink Device Heat Sink Storage Small Storage Unit Protection Power Shielding Weapon Light Assault Rifle Energy Gun Medium Laser Ballistic Gun Light Assault Rifle Build | -11 -10 -10 -9 -9 -9 ------- Run | Yrd Mat Min Mat Sto Gar Slots Evolved 2 | . . . 2 . . Power . | . . . . . . Propulsion . | . . . . . . Utility 2 | . . . 2 . . Weapon . | . . . . . . Parts Attached 45 | 7 14 . 7 7 10 Power 8 | 1 1 . 2 2 2 Engine 8 | 1 1 . 2 2 2 Core . | . . . . . . Reactor . | . . . . . . Propulsion 16 | 2 4 . 2 3 5 Treads 8 | 2 4 . 2 . . Leg . | . . . . . . Wheel . | . . . . . . Hover . | . . . . . . Flight 8 | . . . . 3 5 Utility 8 | 1 5 . 1 . 1 Device 4 | . 3 . 1 . . Storage 2 | 1 . . . . 1 Processor . | . . . . . . Hackware . | . . . . . . Protection 2 | . 2 . . . . Artifact . | . . . . . . Weapon 13 | 3 4 . 2 2 2 Energy Gun 6 | 2 1 . 1 1 1 Energy Cannon . | . . . . . . Ballistic Gun 7 | 1 3 . 1 1 1 Ballistic Cannon . | . . . . . . Launcher . | . . . . . . Special Weapon . | . . . . . . Impact Weapon . | . . . . . . Slashing Weapon . | . . . . . . Piercing Weapon . | . . . . . . Special Melee Weapon . | . . . . . . Unidentified Prototypes 1 | . . . . 1 . Parts Lost 13 | . 3 . 2 . 8 Power 3 | . 1 . . . 2 Propulsion 7 | . . . 1 . 6 Utility 3 | . 2 . 1 . . Weapon . | . . . . . . Highest Loss Streak 4 | . 2 . 1 . 4 To Critical Strikes . | . . . . . . Average Slot Usage (%) 75 | . 90 100 71 46 28 Engine 12 | . 13 14 11 11 8 Treads 20 | . 26 28 21 5 . Flight 3 | . . . . 16 14 Device 12 | . 14 28 17 5 . Storage 1 | . 2 . . . 2 Protection 3 | . 5 . . . . Energy Gun 5 | . 7 . 2 4 1 Ballistic Gun 15 | . 19 28 19 4 1 Naked Turns 24 | . . . . . 24 Heaviest Build 18 | 13 14 9 15 15 18 Greatest Support 40 | 40 40 40 40 40 8 Greatest Overweight (x) 5 | . 3 . . . 5 Average Overweight (x) . | . . . . . . Largest Inventory Capacity 8 | 8 8 5 5 5 5 Average Capacity 5 | 7 5 5 5 5 5 Most Carried 5 | 2 5 4 5 5 5 Average Carried 3 | 1 3 4 4 4 2 Final Capacity 8 | 8 5 5 5 5 5 Final Carried 5 | 2 4 4 5 5 1 Class Distribution -------------------- 75% | Mutant 24% | Scavenger-Mutant Dominant Class ---------------- Mutant | -10/Materials Scavenger-Mutant | -10/Mines Scavenger-Mutant | -9/Materials Mutant | -9/Storage Mutant | -9/Garrison Resources | -11 -10 -10 -9 -9 -9 ----------- Run | Yrd Mat Min Mat Sto Gar Matter Collected 706 | 206 250 . 118 . 132 Remotely . | . . . . . . Salvage Created 731 | . 442 . 238 . 51 Parts 49 | . 28 . 16 . 5 Haulers Intercepted . | . . . . . . Recyclers Shooed . | . . . . . . Parts Field Recycled . | . . . . . . Retrieved Matter . | . . . . . . Parts Self-Destructed . | . . . . . . Prevented . | . . . . . . Kills | -11 -10 -10 -9 -9 -9 ------- Run | Yrd Mat Min Mat Sto Gar Combat Hostiles Destroyed 21 | . 12 . 5 . 4 Guns 21 | . 12 . 5 . 4 Classes Destroyed 3 | . 2 . 1 . . Swarmer 6 | . 2 . . . 4 Grunt 13 | . 10 . 3 . . Sentry 2 | . . . 2 . . Best Kill Streak 4 | . 2 . 3 . 4 Combat Bots Only 4 | . 2 . 3 . 4 Max Kills in Single Turn 2 | . 1 . 1 . 2 Gunslinging 1 | . . . . . 1 Exploded . | . . . . . . Melee . | . . . . . . Uniques/NPCs Destroyed . | . . . . . . Combat | -11 -10 -10 -9 -9 -9 -------- Run | Yrd Mat Min Mat Sto Gar Hostile Shots Fired 250 | . 83 . 37 12 118 Missed 90 | . 18 . 6 6 60 Damage Taken 1660 | . 710 . 372 113 465 Core 540 | . 133 . 118 71 218 Absorbed by Shields 47 | . . . . . 47 Redirected to Shielding 11 | . 11 . . . . Core Remaining (%) 73 | 100 . 46 . . . Volleys Fired 78 | . 46 . 28 . 4 Largest 2 | . 2 . 2 . 2 Hottest 79 | . 70 . 76 . 79 Shots Fired 156 | . 92 . 56 . 8 Gun 156 | . 92 . 56 . 8 Cannon . | . . . . . . Launcher . | . . . . . . Special . | . . . . . . Kinetic 124 | . 67 . 53 . 4 Thermal 32 | . 25 . 3 . 4 Explosive . | . . . . . . Electromagnetic . | . . . . . . Robot Hit Streak 8 | . 8 . 7 . 4 Robot Miss Streak 6 | . 5 . 6 . 2 Penetration Max . | . . . . . . Secondary Targets 2 | . 1 . . . 1 Max Gunslinging Chain 1 | . 1 . . . 1 Shots Hit Robots 96 | . 59 . 32 . 5 Core Hits 43 | . 27 . 12 . 4 Critical Kills . | . . . . . . Critical Parts Destroyed . | . . . . . . Critical Strikes 1 | . . . 1 . . Burn 1 | . . . 1 . . Melee Attacks . | . . . . . . Impact . | . . . . . . Slashing . | . . . . . . Piercing . | . . . . . . Sneak Attacks . | . . . . . . Combat Hostiles . | . . . . . . Follow-up Attacks . | . . . . . . Damage Inflicted 931 | . 584 . 272 . 75 Guns 927 | . 580 . 272 . 75 Cannons . | . . . . . . Explosions . | . . . . . . Melee . | . . . . . . Ramming 4 | . 4 . . . . Kinetic 654 | . 380 . 243 . 31 Thermal 273 | . 200 . 29 . 44 Explosive . | . . . . . . Electromagnetic . | . . . . . . Impact . | . . . . . . Slashing . | . . . . . . Piercing . | . . . . . . Highest Corruption 1 | . . . . 1 1 Average Corruption 1 | . . . . 1 1 Corruption Purged . | . . . . . . Corruption Blocked . | . . . . . . Effects 2 | . . . . . 2 Data Loss (minor) 1 | . . . . . 1 Data Loss (major) 1 | . . . . . 1 Overload Shots . | . . . . . . Overflow Damage . | . . . . . . Projectiles . | . . . . . . Explosions . | . . . . . . Melee . | . . . . . . Knockbacks . | . . . . . . Impact . | . . . . . . Kinetic . | . . . . . . Secondary . | . . . . . . Self-Inflicted Damage . | . . . . . . Shots . | . . . . . . Rammed 2 | . 2 . . . . Targets Rammed 2 | . 2 . . . . Kicked . | . . . . . . Crushed . | . . . . . . Highest Temperature 303 | . 303 . 4 . 45 Average Temperature 82 | . 91 . 4 . 20 Received Heat Transfer 721 | . 381 . 213 33 94 Siege Activations . | . . . . . . Robots Corrupted . | . . . . . . Combat Hostiles . | . . . . . . Parts Fried . | . . . . . . Impact Corruptions . | . . . . . . Robots Melted . | . . . . . . Combat Hostiles . | . . . . . . Parts Melted 1 | . 1 . . . . Heat Transferred 851 | . 592 . 148 . 111 Parts Sabotaged . | . . . . . . Parts Stolen . | . . . . . . Parts Stripped . | . . . . . . Power Chain Reactions . | . . . . . . Alert | -11 -10 -10 -9 -9 -9 ------- Run | Yrd Mat Min Mat Sto Gar Peak Influence 210 | . 205 40 152 126 210 Initial 63 | . . 40 15 63 9 Average 66 | . 60 40 84 76 118 Maximum Alert Level 1 | . 1 . . . 1 Low Security (%) 98 | 100 99 100 100 100 90 Level 1 1 | . . . . . 9 Level 2 . | . . . . . . Level 3 . | . . . . . . Level 4 . | . . . . . . Level 5 . | . . . . . . High Security . | . . . . . . Max Security . | . . . . . . Squads Dispatched 5 | . 3 . 1 1 . Investigation 3 | . 2 . 1 . . Extermination . | . . . . . . Reinforcement 2 | . 1 . . 1 . Assault . | . . . . . . Garrison . | . . . . . . Intercept . | . . . . . . Searches Triggered . | . . . . . . Construction Impeded . | . . . . . . Haulers Reinforced . | . . . . . . Active Scanning Responses . | . . . . . . Cargo Convoy Interrupts . | . . . . . . Stealth | -11 -10 -10 -9 -9 -9 --------- Run | Yrd Mat Min Mat Sto Gar Distress Signals 4 | . 1 . 1 2 . Communications Jammed . | . . . . . . Distress Signals . | . . . . . . Times Spotted 61 | . 16 . 6 8 31 Peak Tracking Total 14 | . 3 . 3 8 14 Tactical Retreats 5 | . . . . 2 3 Traps | -11 -10 -10 -9 -9 -9 ------- Run | Yrd Mat Min Mat Sto Gar Traps Triggered 8 | . 4 . . 2 2 Indirectly . | . . . . . . Trap Hack Attempts . | . . . . . . Triggered . | . . . . . . Disarmed . | . . . . . . Reprogrammed . | . . . . . . Reused . | . . . . . . Traps Extracted . | . . . . . . Installed . | . . . . . . Triggered . | . . . . . . Machines | -11 -10 -10 -9 -9 -9 ---------- Run | Yrd Mat Min Mat Sto Gar Machines Disabled . | . . . . . . Max in Single Turn . | . . . . . . Machines Repaired . | . . . . . . Machines Dismantled . | . . . . . . Machines Sabotaged . | . . . . . . Overloaded Fab Kills . | . . . . . . Hacking | -11 -10 -10 -9 -9 -9 --------- Run | Yrd Mat Min Mat Sto Gar Machines Accessed 9 | . 3 . 1 5 . Terminals 7 | . 3 . . 4 . Fabricators . | . . . . . . Repair Stations 1 | . . . 1 . . Recycling Units . | . . . . . . Scanalyzers . | . . . . . . Garrison Access 1 | . . . . 1 . Total Hacks 29 | . 12 . 2 15 . Successful 18 | . 8 . 1 9 . Failed 11 | . 4 . 1 6 . Catastrophic . | . . . . . . Database Lockouts . | . . . . . . Manual 27 | . 12 . 1 14 . Terminals 23 | . 12 . . 11 . Fabricators . | . . . . . . Repair Stations 2 | . . . 2 . . Recycling Units . | . . . . . . Scanalyzers . | . . . . . . Garrison Access 4 | . . . . 4 . Terminal Hacks 4 | . 2 . . 2 . Open Door 1 | . . . . 1 . Unreport Threat 2 | . 1 . . 1 . Zone Layout 1 | . 1 . . . . Fabricator Hacks . | . . . . . . Repair Station Hacks 1 | . . . 1 . . Scan Component 1 | . . . 1 . . Recycling Unit Hacks . | . . . . . . Scanalyzer . | . . . . . . Garrison Access Hacks 1 | . . . . 1 . Unlock Access 1 | . . . . 1 . Unauthorized Hacks 12 | . 6 . . 6 . Terminals 10 | . 6 . . 4 . Track 2 | . 2 . . . . Assimilate 2 | . 1 . . 1 . Botnet 6 | . 3 . . 3 . Fabricators . | . . . . . . Repair Stations . | . . . . . . Recycling Units . | . . . . . . Scanalyzers . | . . . . . . Garrison Access 2 | . . . . 2 . Reprogram 1 | . . . . 1 . Watchers 1 | . . . . 1 . Data Cores Recovered . | . . . . . . Used . | . . . . . . Hacking Detections 9 | . 3 . 1 5 . Full Trace Events 5 | . 1 . 1 3 . Feedback Events . | . . . . . . Feedback Blocked . | . . . . . . Robot Schematics Acquired . | . . . . . . Robots Built . | . . . . . . Authchips . | . . . . . . Time . | . . . . . . Total Robot Build Rating . | . . . . . . Part Schematics Acquired . | . . . . . . Parts Built . | . . . . . . Authchips . | . . . . . . Time . | . . . . . . Total Part Build Rating . | . . . . . . Parts Repaired . | . . . . . . Time . | . . . . . . Parts Recycled . | . . . . . . Recycled Matter . | . . . . . . Retrieved Matter . | . . . . . . Retrieved Components . | . . . . . . Parts Scanalyzed . | . . . . . . Part Schematics Acquired . | . . . . . . Parts Damaged . | . . . . . . Bothacking | -11 -10 -10 -9 -9 -9 ------------ Run | Yrd Mat Min Mat Sto Gar Used RIF Installer 1 | . . . . . 1 Robots Hacked . | . . . . . . Non-combat . | . . . . . . Combat . | . . . . . . Robot Hacks Applied . | . . . . . . Relay Couplers Released . | . . . . . . Fabnet Peak Effective % . | . . . . . . Robots Rewired . | . . . . . . Allies Hacked . | . . . . . . Hacks Repelled . | . . . . . . Allies | -11 -10 -10 -9 -9 -9 -------- Run | Yrd Mat Min Mat Sto Gar Total Allies . | . . . . . . Largest Group . | . . . . . . Highest-Rated Group . | . . . . . . Highest-Rated Ally . | . . . . . . Total Orders . | . . . . . . Ally Attacks . | . . . . . . Total Damage . | . . . . . . Kills . | . . . . . . Allies Corrupted . | . . . . . . Allies Melted . | . . . . . . Intel | -11 -10 -10 -9 -9 -9 ------- Run | Yrd Mat Min Mat Sto Gar Robot Analysis Total . | . . . . . . Derelict Logs Recovered . | . . . . . . Drone Launches . | . . . . . . Drone Recoveries . | . . . . . . Exploration | -11 -10 -10 -9 -9 -9 ------------- Run | Yrd Mat Min Mat Sto Gar Turns Passed 1191 | 119 637 26 176 79 154 Spaces Moved 802 | 71 273 17 58 143 240 Core 66 | 8 9 . . . 49 Treads 409 | 63 264 17 58 7 . Legs . | . . . . . . Wheels . | . . . . . . Hover . | . . . . . . Flight 327 | . . . . 136 191 Fastest Speed 37 | 50 150 160 160 37 37 Average Speed 103 | 147 159 160 160 43 43 Slowest Speed 300 | 160 200 160 160 160 300 Overloaded Moves . | . . . . . . Propulsion Burnouts . | . . . . . . Robots Hopped 13 | . . . . 7 6 Cave-ins Triggered . | . . . . . . Exploration Rate (%) 21 | 5 38 10 5 33 37 Regions Visited 5 Branch Regions 2 Pre-discovered Areas . | . . . . . . Known Exits Taken 1 | . . . . 1 . Unknown Exits Taken 4 | 1 1 1 1 . . Scrap Searched . | . . . . . . Spaces Dug . | . . . . . . Terrain Destroyed . | . . . . . . Melee . | . . . . . . Projectile . | . . . . . . AOE . | . . . . . . Terrain Rammed . | . . . . . . Walls Destroyed . | . . . . . . Machines Disabled . | . . . . . . Actions | -11 -10 -10 -9 -9 -9 --------- Run | Yrd Mat Min Mat Sto Gar Total 1015 | 84 392 16 96 153 274 Wait 54 | . 46 . . . 8 Move 772 | 70 272 16 57 128 229 Hop 12 | . . . . 7 5 Pick Up 17 | 7 6 . . 2 2 Fast Attach 17 | 1 8 . 3 2 3 Attach 14 | 5 3 . . . 6 Detach 1 | . . . . 1 . Swap 14 | 1 3 . 4 5 1 Drop 20 | . 6 . 4 8 2 Fire 78 | . 46 . 28 . 4 Melee . | . . . . . . Ram . | . . . . . . Kick . | . . . . . . Crush 2 | . 2 . . . . Escape Stasis 14 | . . . . . 14 Rewire . | . . . . . . Trap . | . . . . . . Miscellaneous . | . . . . . . Route ------- -11/Scrapyard -10/Materials -10/Mines -9/Materials -9/Storage -9/Garrison History --------- Turn | Location | Event 6 | -11/Scrapyard | Discovered new exit (range 16) 120 | -11/Scrapyard | Entered Materials 309 | -10/Materials | Build established: Mutant 614 | -10/Materials | Core integrity fell below 50% 731 | -10/Materials | Discovered new exit (range 16) 757 | -10/Materials | Entered Mines 775 | -10/Mines | Discovered new exit (range 4) 783 | -10/Mines | Entered Materials 783 | -9/Materials | Evolved 2 slots: Utility x2 886 | -9/Materials | Discovered new exit (range 11) 959 | -9/Materials | Entered Storage 1037 | -9/Storage | Identified exit to Garrison 1038 | -9/Storage | Entered Garrison 1064 | -9/Garrison | Triggered checkpoint 1064 | -9/Garrison | Triggered checkpoint 1066 | -9/Garrison | Triggered checkpoint 1068 | -9/Garrison | Triggered checkpoint 1075 | -9/Garrison | Core integrity fell below 50% 1101 | -9/Garrison | Lost 4 parts (1p3n) 1140 | -9/Garrison | Core integrity fell below 20% 1151 | -9/Garrison | Installed Relay Interface Framework 1162 | -9/Garrison | Triggered checkpoint 1192 | -9/Garrison | Destroyed by G-34 Mercenary with Small Laser Last Messages --------------- Field strength at 83. Field strength at 75. Field strength at 68. Field strength at 60. Field strength at 55. Field strength at 46. Field strength at 39. Field strength at 29. Field strength at 21. Field strength at 11. S-10 Pest destroyed. Flight Unit destroyed. Ion Engine destroyed. Stasis field depleted. Triggered Stasis Trap. A bubble of rippling energy engulfs the area. Field strength at 95. Field strength at 88. Field strength at 83. Field strength at 71. Map ----- +----------------------------------------------------+ | ??????????????????????????????????#!!!# ########## | | ??????????????????????????????????#! # #????????? | | ??????????????????????????????????#! !# ###??????? | | ??????????????????????????????????## ## #??????? | | ???????????????????????????????????# #??????? | | ???????????????????????????????????#### #??????? | | ??????????????????????????????????????# ###??????? | | ??????????????????????????????????????# #????????? | | ??????????????????????????????????????# #????????? | | ??????????????????????????????????????# #????????? | | ??????????????????????????????????????# #????????? | | ??????????????????????????????????????# #????????? | | ??????????????????????????????????????# #????????? | | ??????????????????????????????????????# #????????? | | ??????????????????????????????????????# #????????? | | ??????????????????????????????????????# ########## | | ??????????????????????????????????????# | | ??????????????????????????????????????# | | ??????????????????????????????????????# ######### | | ??????????????????????????????????????# #???????# | | ??????????????????????????????????????# #???????# | | ????????????????????????????#?????????# #???????# | | ????????????????????????????# ??####### #???????# | | ????????????????????????????# ?# ## #???????# | | ????????????????# #########++## g ## ##??????# | | ????????????????# @ gg ######## | | ????????????????# * g | | ????????????????# ^^ s%=gg | | ????????????????############s [## ## ######## | | ?????????????????????????### ## ## ###????? | | ?????????????????????????# "#????? | | ?????????????????????????# "%#????? | | ?????????????????????????# "#????? | | ?????????????????????????# #????? | | ?????????????????????????### ##= ## ###????? | | ?????????????????########### ##%* ## #??????? | | ?????????????????# ???? | | ?????????????????# " ???? | | ?????????????????# ######## "%" ??? | | ?????????????????# #??????## ## ##########??? | | ?????????????????# #???????# ## #???????????? | | ?????????????????# #???????# #######???????????? | | ?????????????????# #???????# #?????????????????? | | ?????????????????# #???????# #?????????????????? | | ?????????????????# #???????# #?????????????????? | | ????????########## ######### #?????????????????? | | ????????# #?????????????????? | | ????????# #?????????????????? | | ????????# ####### #############?????????????????? | | ????????# #?????# #?????????????????????????????? | +----------------------------------------------------+ Best States ------------- Heat Dissipation 48 Energy Generation 19 Energy Capacity 500 Matter Stores 390 Matter Capacity 400 Sight Range 16 Robot Scan Range 14 Terrain Scan Density 10 Power Shielding 33 Evasion (%) 62 Recoil Reduction 2 Item Schematics ----------------- None Robot Schematics ------------------ None Fabricated ------------ Nothing Alien Tech Used ----------------- None Achievements -------------- Quantum Hacking Challenges ------------ None Game ------ Seed HellfireDimensionalExtractor Manual? 0 Play Time 00:22:36 Cumulative 11.2 hours Start 2024.03.10 @ 22:20:44 End 2024.03.10 @ 22:43:02 Sessions 1 Manual Loads 0 Difficulty Rogue Special Mode None Game No. 27 Rogue 27 Adventurer 0 Explorer 0 Win Type - Total 0 Types 0/0/0/0/0/0/0/0/0 Lore% 16 Gallery% 17 Achievement% 14 Wizard Run 0 Options --------- Layout 1 ASCII 0 Keyboard 0 Movement Arrows Keybinds 0 Fullscreen 1 Font 16/Terminus Map View 25x20 Zoom Use 99% Tactical HUD 0 Map Filters NONE Filters NONE Steam 1 RUN: 670eb8c9-4bfe-4326-8ec5-1f28ea4c97e1